 Dungeon Crawl Stone Soup version 0.20-a0-739-g6bb112f (webtiles) character file.

147 esteth the Insei (level 5, -1/40 HPs)
             Began as a Draconian Transmuter on Feb 24, 2017.
             Was an Initiate of Wu Jian.
             Slain by an orc
             ... wielding a +0 club
              (4 damage)
             ... on level 4 of the Dungeon.
             The game lasted 00:05:20 (2574 turns).

esteth the Insei (Draconian Transmuter)             Turns: 2574, Time: 00:05:21

Health: -1/40      AC:  5    Str: 10 (12) XL:     5   Next: 7%
Magic:  8/8        EV: 12    Int: 14      God:    Wu Jian [......]
Gold:   108        SH:  0    Dex: 12      Spells: 5/8 levels left

rFire    . . .     SeeInvis .     - Unarmed
rCold    . . .     Gourm    .   (armour unavailable)
rNeg     . . .     Faith    .   (no shield)
rPois    .         Spirit   .   (helmet restricted)
rElec    .         Reflect  .   (no cloak)
rCorr    .         Harm     .   (no gloves)
MR       .....                  (no boots)
Stlth    +.........             (no amulet)
Regen    0.2/turn               (no ring)
MPRegen  0.2/turn               (no ring)

@: slowed, very slow
A: unfitting armour, cold-blooded, AC +5
a: Renounce Religion


You were on level 4 of the Dungeon.
You worshipped Wu Jian.
Wu Jian was noncommittal.
You were not hungry.

You visited 1 branch of the dungeon, and saw 4 of its levels.

You collected 108 gold pieces.

Inventory:

Missiles
 a - 12 arrows
Scrolls
 e - 5 scrolls of identify
 f - a scroll of remove curse
 g - a scroll of recharging
Books
 b - a book of Changes

   Spells                             Type                      Level
   a - Beastly Appendage              Transmutation                1
   b - Sticks to Snakes               Transmutation                2
   c - Spider Form                    Transmutation/Poison         3
   d - Ice Form                       Ice/Transmutation            4
   e - Blade Hands                    Transmutation                5
Comestibles
 c - a bread ration
 d - 5 fruits
 i - a royal jelly


   Skills:
 - Level 1.1 Fighting
 - Level 1.7 Dodging
 - Level 5.0 Unarmed Combat
 - Level 2.0 Spellcasting
 + Level 3.5 Transmutations


You had 5 spell levels left.
You knew the following spells:

 Your Spells              Type           Power        Failure   Level  Hunger
a - Beastly Appendage     Tmut           ##....       6%          1    ##.....
b - Sticks to Snakes      Tmut           ##......     10%         2    ###....


Dungeon Overview and Level Annotations

Branches:
Dungeon (4/15)
 Temple: D:4-7

Altars:
Vehumet
Wu Jian

Annotations:
D:2 Sigmund


Innate Abilities, Weirdness & Mutations

Your plain brown scales are hard. (AC +5)
You cannot fit into any form of body armour.
You are cold-blooded and may be slowed by cold attacks.


Message History

You resist with some effort. The orc wizard misses you.
You hit the orc wizard.
The orc wizard is almost dead.
The orc wizard hits you with a dagger.
* * * LOW HITPOINT WARNING * * *
The orc wizard hits you but does no damage.
You hit the orc wizard.
You kill the orc wizard!
The Council accepts your kill.
You feel your intelligence returning.
You have reached level 5!
You hit the orc.
Your tail-slap misses the orc.
Your punch misses the orc.
The orc is almost dead.
The orc barely misses you. The orc hits you.
* * * LOW HITPOINT WARNING * * *
You hit the orc.
You kill the orc!
The Council accepts your kill. The orc hits you with a club.
You die...

## .. ### ## #.
#########)# #. #.
........#.## #. #.
#####....# #. #.
#......#.# #.
#.####.#####<###....####.
#.....oo@..).# #.........
############.###.########
#.....# #######


You could see 2 orcs.

Vanquished Creatures
  A hound (D:3)
  2 orc wizards (D:4)
  An adder (D:3)
  An ooze (D:3)
  A worm (D:1)
  5 orcs
  3 bats (D:1)
  2 giant cockroaches
  2 goblins (D:1)
  5 hobgoblins
  4 jackals (D:1)
  A ball python (D:1)
  2 frilled lizards (D:1)
  4 kobolds (D:1)
  6 rats
40 creatures vanquished.

Notes
Turn   | Place    | Note
-------+----------+-------------------------------------------
     0 | D:1      | esteth the Draconian Transmuter began the quest for the Orb.
     0 | D:1      | Reached XP level 1. HP: 16/16 MP: 3/3
   464 | D:1      | Reached XP level 2. HP: 22/23 MP: 5/5
   792 | D:1      | Reached skill level 4 in Unarmed Combat
  1171 | D:1      | Reached XP level 3. HP: 23/28 MP: 6/6
  1452 | D:1      | You fall through a shaft!
  1452 | D:2      | Found an ornate altar of the Wu Jian Council.
  1454 | D:2      | Became a worshipper of the Wu Jian Council
  1460 | D:2      | Noticed Sigmund
  1463 | D:2      | Found a radiant altar of Vehumet.
  1816 | D:3      | Reached XP level 4. HP: 20/35 MP: 7/7
  1955 | D:3      | Learned a level 2 spell: Sticks to Snakes
  1985 | D:3      | Reached skill level 5 in Unarmed Combat
  2572 | D:4      | Reached XP level 5. HP: 7/40 MP: 8/8
  2574 | D:4      | Slain by an orc

Vault maps used:
D:1:      dpeg_arrival_signposts, nrook_mini_backslash
D:2:      grunt_temple_overflow_octagram, grunt_ministairs_1, uniq_sigmund
D:3:      minmay_misc_feat_cross, minivault_5, corexii_corridor_pit
D:4:      old_standard_altar, serial_shops, nicolae_shop_crystal,
          nicolae_qazlal_eye_of_the_storm, uniq_eustachio, uniq_menkaure,
          uniq_crazy_yiuf_cottage

Skill      XL: |  1  2  3  4 |
---------------+-------------+-----
Unarmed Combat | 4 5 |  5.0
Transmutations | 3 |  3.5
Fighting       | |  1.1
Dodging        | |  1.7
Spellcasting   | |  2.0

Action                   |  1- 3 |  4- 6 || total
-------------------------+-------+-------++-------
Melee: Unarmed           |   149 |    46 ||   195
       Tailslap          |     6 |     3 ||     9
       Punch             |     1 |       ||     1
  Use: Scroll            |     5 |       ||     5
       Potion            |     4 |     1 ||     5
  Eat: Chunk             |     2 |     3 ||     5
Armor: Skin              |    50 |    12 ||    62
Dodge: Dodged            |   102 |    15 ||   117
